 Dungeon Crawl Stone Soup version 0.29.1-13-g9f3cf754e1 (webtiles) character file.

Game seed: 13554848349634776476

618 wolfrpgdude the Trooper (level 7, -5/63 HPs)
             Began as a Minotaur Fighter on Feb 11, 2023.
             Slain by Pikel
             ... wielding a +2 whip of freezing
              (9 damage)
             ... on level 5 of the Dungeon.
             The game lasted 00:05:43 (4067 turns).

wolfrpgdude the Trooper (Minotaur Fighter)          Turns: 4067, Time: 00:05:43

Health: -5/63      AC:  7    Str: 22    XL:     7   Next: 21%
Magic:  6/6        EV: 10    Int:  5    God:
Gold:   165        SH:  5    Dex: 10    Spells: 6/6 levels left

rFire   + . .      SeeInvis .   v - +9 spear "Neturesk" {venom, rN+}
rCold   + . .      Faith    .   c - +0 buckler
rNeg    + . .      Spirit   .   x - +0 ring mail {rPois}
rPois   +          Reflect  .   (helmet restricted)
rElec   .          Harm     .   f - scarf {rC+ rF+}
rCorr   .          Rampage  .   (no gloves)
Will    .....                   g - +0 pair of boots
Stlth   ..........              (no amulet)
HPRegen 0.20/turn               (no ring)
MPRegen 0.10/turn               (no ring)

@: no status effects
A: horns 2, retaliatory headbutt
a: no special abilities


You were on level 5 of the Dungeon.
You visited 1 branch of the dungeon, and saw 5 of its levels.

You collected 165 gold pieces.

Inventory:

Hand Weapons
 a - a +0 long sword
 m - a +4 short sword of electrocution
 s - a +0 arbalest
 v - the +9 spear "Neturesk" (weapon) {venom, rN+}
   (You found it on level 4 of the Dungeon)

   It poisons the flesh of those it strikes.
   rN:        It protects you from negative energy.
Armour
 c - a +0 buckler (worn)
 f - a scarf of resistance (worn)
 g - a +0 pair of boots (worn)
 i - a +0 plate armour
 x - a +0 ring mail of poison resistance (worn)
 y - an orb of guile
Jewellery
 j - an amulet of the acrobat
Scrolls
 e - 5 scrolls of identify
 h - a scroll of immolation
 k - a scroll of brand weapon {unknown}
 n - a scroll of enchant armour {unknown}
 q - a scroll of blinking {unknown}
 r - a scroll of noise
 A - a scroll of teleportation {unknown}
Potions
 b - a potion of experience {unknown}
 d - 3 potions of might
 l - a potion of brilliance {unknown}
 o - a potion of berserk rage {unknown}
 p - a potion of haste {unknown}
 t - a potion of curing {unknown}
 u - 3 potions of flight {unknown}
 w - a potion of cancellation {unknown}
 z - a potion of attraction {unknown}


   Skills:
 + Level 6.0 Fighting
 + Level 5.1 Long Blades
 + Level 5.9 Armour
 + Level 5.9 Shields


You had 6 spell levels left.
You didn't know any spells.
Your spell library contained the following spells:

 Spells                   Type           Power      Damage    Failure   Level
 Sting                    Tmut/Pois      0%         1d3       71%         1
 Poisonous Vapours        Pois/Air       0%         N/A       85%         2
 Olgreb's Toxic Radiance  Pois           0%         N/A       100%        4


Dungeon Overview and Level Annotations

Branches:
Dungeon (5/15)
 Temple: D:4-7

Altars:
Ashenzari
Dithmenos
Ru
Sif Muna
Xom

Shops:
D:1 (   D:2 (   D:3 (

Annotations:
D:5 Pikel


Innate Abilities, Weirdness & Mutations

You have a pair of horns on your head.
You reflexively headbutt those who attack you in melee.


Message History

You open the door. 2 lemures come into view.
Pikel shouts!
The lemure shouts! x2
You puncture the lemure!
The lemure is poisoned.
The lemure is moderately wounded.
The lemure hits you.
Pikel hits you with a +2 whip of freezing.
Pikel freezes you. The lemure misses you.
There is an open door, spattered with blood here.
You barely miss the lemure. The lemure hits you. Pikel barely misses you.
You furiously retaliate!
You headbutt Pikel.
The lemure hits you but does no damage. x2; The lemure barely misses you.
Pikel hits you with a +2 whip of freezing!
Pikel freezes you.
* * * LOW HITPOINT WARNING * * *
You closely miss the lemure. You block the lemure's attack.
Pikel closely misses you. You furiously retaliate!
You headbutt Pikel. You block the lemure's attack.
You hit the lemure.
The lemure is poisoned.
The lemure is lightly wounded.
The lemure hits you!
* * * LOW HITPOINT WARNING * * *
Pikel hits you with a +2 whip of freezing.
* * * LOW HITPOINT WARNING * * *
The lemure hits you but does no damage.
Okay, then.
As you read the scroll labelled BUBLAQUXTA, it crumbles to dust.
You hear a loud clanging noise!
It was a scroll of noise.
You block Pikel's attack. The lemure barely misses you. x2
You barely miss Pikel. Your headbutt misses Pikel.
Pikel is lightly wounded.
You block the lemure's attack. You block Pikel's attack.
The lemure hits you but does no damage.
You barely miss Pikel.
Pikel is lightly wounded.
The lemure hits you.
* * * LOW HITPOINT WARNING * * *
Pikel hits you with a +2 whip of freezing!
You die...

#...# ...#K. .# ####
#..##. .# ##..###..##'##.#
#.....#...#....
#.....'...#...#
####'##..###..# #
#########..##.†###..##...#
...........#.†..@5.......#
...........+...5#K.......#
.##....###.##.####..##...#
.##....###.##+## #..# ###
...............# ...#
..........)....# ....
.####'####.##+## ...##
.###...###'## #...#
........+>..+....


You could see Pikel and 2 lemures.

Vanquished Creatures
  Prince Ribbit (D:5)
  2 lemures (D:5)
  4 hounds
  3 jellies
  An iguana (D:4)
  3 orc wizards
  3 adders
  An ufetubus (D:5)
  2 worms
  A dart slug (D:2)
  11 orcs
  2 bats (D:2)
  3 endoplasms
  A giant cockroach (D:4)
  6 goblins
  5 hobgoblins
  6 jackals
  7 kobolds
  4 quokkas
  3 ball pythons
  5 frilled lizards
  3 rats (D:1)
  A bush (D:2)
78 creatures vanquished.

Notes
Turn   | Place    | Note
-------+----------+-------------------------------------------
     0 | D:1      | wolfrpgdude the Minotaur Fighter began the quest for the
                  | Orb.
     0 | D:1      | Reached XP level 1. HP: 19/19 MP: 0/0
   191 | D:1      | Found a faded altar of an unknown god.
   237 | D:1      | Reached XP level 2. HP: 26/27 MP: 1/1
   345 | D:1      | Reached skill level 4 in Fighting
   976 | D:1      | Found Poro Oja's Weapon Emporium.
  1475 | D:2      | Reached XP level 3. HP: 33/33 MP: 2/2
  2008 | D:2      | Found Vawie's Weapon Boutique.
  2025 | D:2      | Found a shimmering altar of Xom.
  2177 | D:3      | Reached XP level 4. HP: 30/41 MP: 3/3
  2186 | D:3      | Found Zezydgh's Antique Weapon Emporium.
  2414 | D:3      | Found a shimmering blue altar of Sif Muna.
  2575 | D:3      | Found a shadowy altar of Dithmenos.
  2575 | D:3      | Found a broken altar of Ashenzari.
  2861 | D:4      | Reached XP level 5. HP: 37/47 MP: 4/4
  2999 | D:4      | Identified the +9 spear "Neturesk" {venom, rN+}
  3108 | D:4      | Reached skill level 5 in Fighting
  3256 | D:4      | Reached skill level 5 in Armour
  3256 | D:4      | Reached skill level 5 in Shields
  3777 | D:5      | Entered Level 5 of the Dungeon
  3782 | D:5      | Reached XP level 6. HP: 56/56 MP: 5/5
  3874 | D:5      | Found a sacrificial altar of Ru.
  4000 | D:5      | Noticed Prince Ribbit
  4005 | D:5      | Killed Prince Ribbit
  4006 | D:5      | Reached skill level 5 in Long Blades
  4006 | D:5      | Reached XP level 7. HP: 36/62 MP: 6/6
  4008 | D:5      | Noticed Pikel
  4059 | D:5      | Reached skill level 6 in Fighting
  4067 | D:5      | Slain by Pikel

Illustrated notes

Levels and vault maps discovered:
D:1:      minmay_arrival_glassed_features, layout_basic,
          shapermc_ecumenical_altar_venn, serial_shops, nicolae_diamond_shop,
          bh_walls_and_bars
D:2:      layout_loops_cross, serial_shops, shop, basic_altar, minmay_hedge_maze
D:3:      layout_basic, overflow_temple_1_default,
          gammafunk_temple_overflow_statue, serial_shops, shop
D:4:      layout_loops_ring
D:5:      layout_gridville, nicolae_ru_great_annihilating_truth,
          uniq_prince_ribbit1, uniq_pikel

Skill      XL: |  1  2  3  4  5  6  7 |
---------------+----------------------+-----
Fighting       | 4 5 6 |  6.0
Armour         | 4 5 |  5.9
Shields        | 4 5 |  5.9
Long Blades    | 3 4 5 |  5.1

Action                   |  1- 3 |  4- 6 |  7- 9 || total
-------------------------+-------+-------+-------++-------
Melee: Long sword        |   148 |       |       ||   148
       Headbutt          |    32 |    10 |     1 ||    43
       Short sword       |    11 |    36 |       ||    47
       Spear             |       |    53 |    16 ||    69
  Use: Scroll            |     1 |       |     1 ||     2
 Stab: Paralysed         |       |     1 |       ||     1
Armor: Scale mail        |    26 |       |       ||    26
       Plate armour      |    37 |    44 |       ||    81
       Ring mail         |       |     4 |    11 ||    15
Dodge: Dodged            |    34 |    21 |    13 ||    68
Block: Buckler           |    24 |    22 |     9 ||    55
